 Dungeon Crawl Stone Soup version 0.24.0-1-gfbc8707122 (webtiles) character file.

Game seed: 10457227733918298634, levelgen mode: deterministic

21 Fingolfin the Sneak (level 2, 0/23 HPs)
             Began as a Merfolk Enchanter on Oct 26, 2019.
             Slain by a goblin (4 damage)
             ... on level 1 of the Dungeon.
             The game lasted 00:02:24 (673 turns).

Fingolfin the Sneak (Merfolk Enchanter)              Turns: 673, Time: 00:02:25

Health: 0/23       AC:  2    Str:  8    XL:     2   Next: 83%
Magic:  3/5        EV: 13    Int: 14    God:
Gold:   7          SH:  0    Dex: 14    Spells: 4/5 levels left

rFire    . . .     SeeInvis .   a - +1 dagger
rCold    . . .     Gourm    .   (no shield)
rNeg     . . .     Faith    .   b - +0 robe
rPois    .         Spirit   .   i - +0 hat
rElec    .         Reflect  .   (no cloak)
rCorr    .         Harm     .   (no gloves)
MR       .....                  (no boots)
Stlth    ++........             (no amulet)
HPRegen  0.07/turn              (no ring)
MPRegen  0.09/turn              (no ring)

@: no status effects
A: change form in water, swift swim, stealthy swim
a: no special abilities


You were on level 1 of the Dungeon.
You were not hungry.

You visited 1 branch of the dungeon, and saw 1 of its levels.

You collected 7 gold pieces.

Inventory:

Hand Weapons
 a - a +1 dagger (weapon)
Missiles
 e - 18 stones (quivered)
Armour
 b - a +0 robe (worn)
 i - a +0 hat (worn)
Scrolls
 c - a scroll of teleportation {unknown}
 g - a scroll of magic mapping {unknown}
Potions
 h - a potion of haste {unknown}
Comestibles
 d - 2 rations


   Skills:
 + Level 2.6 Fighting
 - Level 1.2 Short Blades
 - Level 2.6 Dodging
 - Level 3.2 Stealth
 - Level 2.0 Spellcasting
 - Level 3.0 Hexes


You had 4 spell levels left.
You knew the following spells:

 Your Spells              Type           Power        Failure   Level  Hunger
a - Corona                Hex            #......      7%          1    ##.....

Your spell library contained the following spells:

 Spells                   Type           Power        Failure   Level  Hunger
 Ensorcelled Hibernation  Hex/Ice        #.....       19%         2    ###....
 Confuse                  Hex            #.......     21%         3    ####...
 Tukima's Dance           Hex            #.......     21%         3    ####...
 Dazzling Spray           Conj/Hex       #.....       36%         3    ####...


Dungeon Overview and Level Annotations

Branches:
Dungeon (1/15)

Altars:


Message History

The kobold hits you with a +0 short sword.
You hit the kobold.
You kill the kobold!
Casting: Corona (safe; 7% risk of failure)
Confirm with . or Enter, or press ? or * to list all spells.
Aiming: Corona (safe; 7% risk of failure)
Press: ? - help, Shift-Dir - straight line, f - goblin
Aim: a goblin (chance to defeat MR: 62%)
The goblin is outlined in light.
The goblin hits you.
* * * LOW HITPOINT WARNING * * *
You hit the goblin.
The goblin is heavily wounded.
The goblin hits you.
* * * LOW HITPOINT WARNING * * *
You hit the goblin.
The goblin is severely wounded.
You closely miss the goblin.
The goblin is severely wounded.
The goblin hits you.
You die...

###. #..# #### #.####..#
#... #......(# #+## ###'#.
#.#####.# #.#.#♣♣♣♣♣#.#.#.
###.####.............#.
##.###......#..♣..♣.♣..♣..#.
............#≈#♣♣..≈..♣♣#≈#.
#..#.#.##g##≈#P♣.≈≈≈.♣P#≈#.
#...###..#@#≈#>..≈8≈..<#≈#.
#..# #.####≈#P♣.≈≈≈.♣P#≈#.
##.. ##..#.#)#♣♣..≈..♣♣#≈#.
#.# #.....#..♣..♣.♣..♣..##
#.##.###..#.............#
#.### #..#.#.#♣♣♣♣♣#.#.# #.#
#..#'##### #####'# #J#
#........# #.##..# #.#
##.####### #....##


You could see a goblin.

Vanquished Creatures
  An ooze (D:1)
  A leopard gecko (D:1)
  4 goblins (D:1)
  2 hobgoblins (D:1)
  A bat (D:1)
  A frilled lizard (D:1)
  4 kobolds (D:1)
  2 rats (D:1)
16 creatures vanquished.

Notes
Turn   | Place    | Note
-------+----------+-------------------------------------------
     0 | D:1      | Fingolfin the Merfolk Enchanter began the quest for the
                  | Orb.
     0 | D:1      | Reached XP level 1. HP: 13/13 MP: 3/3
   369 | D:1      | Reached skill level 1 in Fighting
   419 | D:1      | Reached XP level 2. HP: 22/22 MP: 3/5
   673 | D:1      | Slain by a goblin

Levels and vault maps discovered:
D:1:      tarquinn_simple_flora_water_b, layout_loops_ring, serial_bayou_ford_a,
          minmay_pentomino_u4

Skill      XL: |  1  2 |
---------------+-------+-----
Fighting       | 1 2 |  2.6
Short Blades   | |  1.2
Dodging        | |  2.6
Stealth        | |  3.2
Spellcasting   | |  2.0
Hexes          | |  3.0

Action                   || total
-------------------------++-------
Melee: Dagger            ||    50
       Tailslap          ||     4
 Cast: Corona            ||     7
 Stab: Distracted        ||     1
       Sleeping          ||     1
Armor: Robe              ||     3
Dodge: Dodged            ||    26
